 Dungeon Crawl Stone Soup version 0.29-a0-490-g77b3608bb8 (webtiles) character file.

Game seed: 18090882499282926525

62 dolemite99 the Chopper (level 4, -7/39 HPs)
             Began as a Hill Orc Fighter on May 27, 2022.
             Mangled by an ogre
             ... wielding a +0 giant club
              (11 damage)
             ... on level 2 of the Dungeon.
             The game lasted 00:01:54 (1770 turns).

dolemite99 the Chopper (Hill Orc Fighter)           Turns: 1770, Time: 00:01:55

Health: -7/39      AC:  9    Str: 20    XL:     4   Next: 8%
Magic:  4/4        EV:  7    Int:  8    God:
Gold:   51         SH:  5    Dex: 10    Spells: 3/3 levels left

rFire   . . .      SeeInvis .   a - +0 war axe
rCold   . . .      Faith    .   c - +1 buckler
rNeg    . . .      Spirit   .   k - +0 chain mail
rPois   .          Reflect  .   (no helmet)
rElec   .          Harm     .   (no cloak)
rCorr   .          Rampage  .   (no gloves)
Will    .....                   (no boots)
Stlth   ..........              (no amulet)
HPRegen 0.13/turn               (no ring)
MPRegen 0.09/turn               (no ring)

@: mighty
A: no striking features
a: no special abilities


You were on level 2 of the Dungeon.
You visited 1 branch of the dungeon, and saw 2 of its levels.

You collected 51 gold pieces.

Inventory:

Hand Weapons
 a - a +0 war axe (weapon)
Armour
 b - a +0 scale mail
 c - a +1 buckler (worn)
 k - a +0 chain mail (worn)
Scrolls
 e - a scroll of magic mapping
 j - 4 scrolls of fog
Potions
 d - a potion of might
 f - 3 potions of attraction
 g - a potion of resistance {unknown}
 h - a potion of ambrosia {unknown}
 i - a potion of curing {unknown}


   Skills:
 - Level 3.6 Fighting
 + Level 5.6 Axes
 - Level 3.2 Armour
 - Level 3.2 Shields


You had 3 spell levels left.
You didn't know any spells.
Your spell library was empty.

Dungeon Overview and Level Annotations

Branches:
Dungeon (2/15)

Altars:


Message History

HP restored.
Key pressed, stopping explore.
No target in view!
Key pressed, stopping explore.
No target in view!
A hobgoblin comes into view.
The hobgoblin shouts!
You see here 12 gold pieces.
No target in view!
No target in view!
You see here 12 gold pieces.
A hobgoblin is nearby!
A hobgoblin is nearby!
A kobold comes into view. It is wielding a +0 dagger.
There are monsters nearby!
The kobold shouts!
You slash the hobgoblin!
You kill the hobgoblin!
A kobold is nearby!
You hit the kobold.
You kill the kobold!
No target in view!
You now have 51 gold pieces (gained 12).
An ogre comes into view. It is wielding a +0 giant club.
The ogre shouts!
An ogre is nearby!
The ogre hits you with a +0 giant club.
You feel very mighty all of a sudden.
You barely miss the ogre. The ogre hits you with a +0 giant club!
You slash the ogre!
The ogre is heavily wounded.
The ogre hits you with a +0 giant club.
You completely miss the ogre.
The ogre is heavily wounded.
The ogre hits you with a +0 giant club!
* * * LOW HITPOINT WARNING * * *
You slash the ogre!
The ogre is severely wounded.
The ogre hits you with a +0 giant club!
You die...

#######.###.#
#...........####
#.####..###.....
#.####..# #.####
#.#.....# #.....
#.#.###.# #.###.
###.#.# #.#
#.####
#...#.###.#
#.....
#@#.......#
######
#O#.#.#####
#.... #.#.#.#
#.... #.#.#..
..... #.......
..... .#....###
#.... ......#
#.... .#...##
#.... #....


You could see an ogre.

Vanquished Creatures
  2 adders (D:2)
  A worm (D:2)
  2 dart slugs (D:1)
  2 endoplasms
  A giant cockroach (D:2)
  A goblin (D:1)
  7 hobgoblins
  A jackal (D:1)
  A quokka (D:1)
  5 ball pythons
  2 bats (D:1)
  5 frilled lizards
  4 kobolds
  6 rats
40 creatures vanquished.

Notes
Turn   | Place    | Note
-------+----------+-------------------------------------------
     0 | D:1      | dolemite99 the Hill Orc Fighter began the quest for the
                  | Orb.
     0 | D:1      | Reached XP level 1. HP: 19/19 MP: 1/1
    15 | D:1      | Reached skill level 3 in Axes
    52 | D:1      | Reached XP level 2. HP: 22/26 MP: 2/2
   656 | D:1      | Reached skill level 4 in Axes
  1101 | D:1      | Reached XP level 3. HP: 27/31 MP: 3/3
  1525 | D:2      | Reached skill level 5 in Axes
  1670 | D:2      | Reached XP level 4. HP: 36/39 MP: 4/4
  1762 | D:2      | Noticed an ogre
  1770 | D:2      | Mangled by an ogre

Illustrated notes

Levels and vault maps discovered:
D:1:      scummos_arrival_simple_fountains, layout_basic, st_stairs_14,
          chequers_serial_rivers_small_a, minmay_lizard_pond
D:2:      layout_basic, serial_shops, nicolae_shop_trees,
          minmay_misc_feat_plants

Skill      XL: |  1  2  3 |
---------------+----------+-----
Axes           | 3 4 5 |  5.6
Fighting       | |  3.6
Armour         | |  3.2
Shields        | |  3.2

Action                   |  1- 3 |  4- 6 || total
-------------------------+-------+-------++-------
Melee: War axe           |    81 |     8 ||    89
  Use: Scroll            |     7 |       ||     7
       Potion            |       |     1 ||     1
Armor: Scale mail        |    42 |       ||    42
Dodge: Dodged            |    45 |       ||    45
Block: Buckler           |    20 |     1 ||    21

Table legend: (Time is in decaauts)
 A = Elapsed time spent in this place.
 B = Non-inter-level travel time spent in this place.
 C = Inter-level travel time spent in this place.
 D = Time resting spent in this place.
 E = Time spent auto-exploring this place.
 F = Levels seen in this place.
 G = Mean time per level.
                   A        B        C        D        E       F      G
               +--------+--------+--------+--------+--------+-----+--------+
         Total |   1801 |   1793 |      8 |    601 |    899 |   2 |  900.5 |
       Dungeon |   1801 |   1793 |      8 |    601 |    899 |   2 |  900.5 |
               +--------+--------+--------+--------+--------+-----+--------+

Top non-repeatable levels by time:
     D:1: 1466 daAuts
     D:2: 334 daAuts
